 Dungeon Crawl Stone Soup version 0.31.0-11-ge490571c62 (webtiles) character file.

Game seed: 6581485937685477875

1141 stipulation the Reanimator (level 8, -3/36 HPs)
             Began as a Vine Stalker Necromancer on Jan 28, 2024.
             Slain by an ice beast (12 damage)
             ... on level 6 of the Dungeon.
             The game lasted 00:06:12 (6216 turns).

stipulation the Reanimator (VSNe)                   Turns: 6216, Time: 00:06:12

Health: -3/36      AC:  5    Str: 11    XL:     8   Next: 37%
Magic:  0/19       EV: 12    Int: 17    God:
Gold:   362        SH:  0    Dex: 15    Spells: 20/21 levels left

rFire   . . .        c - +0 short sword
rCold   . . .        (no shield)
rNeg    . . .        a - +0 robe
rPois   .            t - +0 helmet
rElec   .            (no cloak)
rCorr   .            (no gloves)
SInv    .            u - +1 pair of boots
Will    +....        (no amulet)
Stlth   ++           (no ring)
HPRegen 1.06/turn    (no ring)
MPRegen 0.16/turn

%: guardian spirit
@: no status effects
A: fangs 3, regeneration 1, magic shield, antimagic bite, no potion heal 2
a: no special abilities


You were on level 6 of the Dungeon.
You visited 1 branch of the dungeon, and saw 6 of its levels.

You collected 362 gold pieces.

Inventory:

Hand Weapons
 c - a +0 short sword (weapon)
Armour
 a - a +0 robe (worn)
 t - a +0 helmet (worn)
 u - a +1 pair of boots (worn)
Jewellery
 h - an amulet of the acrobat
 y - a +5 ring of evasion
Scrolls
 d - a scroll of fear {unknown}
 f - a scroll of teleportation {unknown}
 i - 2 scrolls of noise
 k - a scroll of immolation {unknown}
 o - a scroll of vulnerability {unknown}
 p - 2 scrolls of fog {unknown}
 q - a scroll of summoning {unknown}
 r - a scroll of amnesia {unknown}
 s - a scroll of identify {unknown}
 w - a scroll of brand weapon {unknown}
 x - a scroll of torment
 z - a scroll of silence {unknown}
Potions
 b - a potion of magic
 e - 3 potions of might {unknown}
 g - 2 potions of curing {unknown}
 j - 2 potions of attraction {unknown}
 l - 3 potions of brilliance {unknown}
 m - a potion of lignification {unknown}
 n - a potion of cancellation {unknown}
 v - a potion of heal wounds {unknown}


   Skills:
 - Level 1.5 Dodging
 - Level 2.4 Stealth
 + Level 7.1 Spellcasting
 + Level 8.0 Necromancy


You had 20 spell levels left.
You knew the following spells:

 Your Spells              Type           Power      Damage    Failure   Level
a - Necrotise             Necr           100%       1d9       1%          1

Your spell library contained the following spells:

 Spells                   Type           Power      Damage    Failure   Level
 Vampiric Draining        Necr           33%        2d8       1%          3
 Animate Dead             Necr           33%        N/A       4%          4
 Apportation              Tloc           12%        N/A       12%         1
 Curse of Agony           Necr           33%        N/A       12%         5
 Jinxbite                 Hex            12%        N/A       17%         2
 Gell's Gravitas          Tloc           6%         N/A       34%         3
 Teleport Other           Tloc           6%         N/A       34%         3
 Tukima's Dance           Hex            6%         N/A       34%         3
 Passage of Golubria      Tloc           6%         N/A       75%         4
 Alistair's Intoxication  Alch           4%         N/A       97%         5
 Yara's Violent Unravell  Hex/Alch       3%         3d4       97%         5
 Dispersal                Tloc           3%         N/A       100%        6


Dungeon Overview and Level Annotations

Branches:
Dungeon (6/15)             Temple (0/1) D:6

Altars:
Trog


Innate Abilities, Weirdness & Mutations

You have razor-sharp teeth.
Your natural rate of healing is unusually fast.
When hurt, damage is shared between your health and your magic reserves.
Your bite disrupts and absorbs the magic of your enemies.
Potions cannot restore your health.


Message History

Confirm with . or Enter, or press ? or * to list all spells.
Aiming: Necrotise (safe; 1% risk of failure)
Press: ? - help, Shift-Dir - straight line, f/p - ice beast
Aim: an ice beast (severely wounded, chance to affect: 83%)
The ice beast writhes in agony.
The ice beast hits you. The ice beast freezes you!
* * * LOW HITPOINT WARNING * * *
Casting: Necrotise (safe; 1% risk of failure)
Confirm with . or Enter, or press ? or * to list all spells.
Aiming: Necrotise (safe; 1% risk of failure)
Press: ? - help, Shift-Dir - straight line, f/p - ice beast
Aim: an ice beast (almost dead, chance to affect: 83%)
The ice beast barely resists.
The ice beast closely misses you.
Casting: Necrotise (safe; 1% risk of failure)
Confirm with . or Enter, or press ? or * to list all spells.
You don't have enough magic to cast this spell.
The ice beast attacks as it pursues you!
The ice beast hits you. The ice beast freezes you!
* * * LOW HITPOINT WARNING * * *
You see here a +0 scale mail.
Casting: Necrotise (safe; 1% risk of failure)
Confirm with . or Enter, or press ? or * to list all spells.
Aiming: Necrotise (safe; 1% risk of failure)
Press: ? - help, Shift-Dir - straight line, f/p - ice beast
Aim: an ice beast (almost dead, chance to affect: 83%)
The ice beast barely resists.
The ice beast barely misses you.
The ice beast attacks as it pursues you!
The ice beast hits you but does no damage.
The ice beast attacks as it pursues you!
The ice beast misses you.
Casting: Necrotise (safe; 1% risk of failure)
Confirm with . or Enter, or press ? or * to list all spells.
Aiming: Necrotise (safe; 1% risk of failure)
Press: ? - help, Shift-Dir - straight line, f/p - ice beast
Aim: an ice beast (almost dead, chance to affect: 83%)
The ice beast barely resists.
The ice beast hits you.
* * * LOW HITPOINT WARNING * * *
The ice beast freezes you!
You die...

#.#### #.#####.# #..... #.#
#.##....###.#### ##.##
#.##.##.....# #...# #.##.##.#####
# #...# #.......# ## #...#
#......########. #####...#####
#.......##.....#
..##...........###.###...##.....#
.........[.....Y@..##....<...)..#
..##...........###.......##.....#
#####...##### #)#)##..##.....#
#...# #.......######## #..)#
#.......# ##### #...# ###[#####
#.... #######.## #.# ####.###
#.......# #.# #....... #.#######
#.# #.#...#.


You could see an ice beast.

Vanquished Creatures
  Prince Ribbit (D:5)
  Menkaure (D:6)
  A water moccasin (D:5)
  An ogre (D:4)
  2 scorpions (D:6)
  An orc priest (D:6)
  An iguana (D:5)
  2 sleepcaps (D:6)
  Natasha (thrice) (D:2)
  4 orc wizards
  Robin (D:3)
  2 gnolls (D:5)
  7 adders
  A shadow imp (D:6)
  2 white imps (D:6)
  3 dart slugs
  3 ribbon worms (D:2)
  13 orcs
  5 bats
  4 endoplasms
  A giant cockroach (D:3)
  18 goblins
  10 hobgoblins
  4 jackals (D:5)
  5 kobolds
  2 quokkas
  7 ball pythons
  3 frilled lizards (D:1)
  2 rats
110 creatures vanquished.

Vanquished Creatures (collateral kills)
  A gnoll (D:5)
  An endoplasm (D:2)
  A hobgoblin (D:2)
3 creatures vanquished.

Grand Total: 113 creatures vanquished

Notes
Turn   | Place    | Note
-------+----------+-------------------------------------------
     0 | D:1      | stipulation the Vine Stalker Necromancer began the quest
                  | for the Orb.
     0 | D:1      | Reached XP level 1. HP: 9/9 MP: 4/4
   304 | D:1      | Reached XP level 2. HP: 13/13 MP: 2/6
  1120 | D:2      | Reached XP level 3. HP: 16/16 MP: 0/8
  1608 | D:2      | Reached XP level 4. HP: 15/21 MP: 1/10
  1758 | D:2      | Noticed Natasha
  1765 | D:2      | Killed Natasha
  1847 | D:2      | Reached skill level 5 in Necromancy
  1968 | D:2      | Noticed Natasha
  1977 | D:2      | Killed Natasha
  1978 | D:2      | Reached XP level 5. HP: 20/24 MP: 6/11
  2172 | D:2      | Noticed Natasha
  2178 | D:2      | Killed Natasha
  2667 | D:3      | Noticed Robin
  2684 | D:3      | Killed Robin
  2912 | D:4      | Noticed an ogre
  2923 | D:4      | Killed an ogre
  2924 | D:4      | Reached XP level 6. HP: 24/28 MP: 7/14
  3279 | D:4      | Reached skill level 6 in Necromancy
  4259 | D:5      | Entered Level 5 of the Dungeon
  4264 | D:5      | Reached skill level 5 in Spellcasting
  4383 | D:5      | Found a bloodstained altar of Trog.
  4383 | D:5      | Noticed Prince Ribbit
  4402 | D:5      | Killed Prince Ribbit
  4403 | D:5      | Reached XP level 7. HP: 32/32 MP: 4/16
  5042 | D:5      | Reached skill level 7 in Necromancy
  5549 | D:6      | Found a staircase to the Ecumenical Temple.
  5684 | D:6      | Gained mutation: You have razor-sharp teeth. [Vine Stalker
                  | growth]
  5684 | D:6      | Reached XP level 8. HP: 25/36 MP: 5/18
  5783 | D:6      | Noticed Menkaure
  5788 | D:6      | Killed Menkaure
  6106 | D:6      | Reached skill level 8 in Necromancy
  6216 | D:6      | Slain by an ice beast

Illustrated notes

Levels and vault maps discovered:
D:1:      saegor_arrival_under_anarchy, layout_loops_ring, serial_park_tiny_2,
          minmay_pentomino_q2
D:2:      minmay_inner_zag, layout_loops_cross, uniq_natasha
D:3:      layout_rooms, uniq_robin
D:4:      layout_layer_cave
D:5:      layout_basic, mainiacjoe_overflow_alcove_1,
          nicolae_overflow_hidden_temple, uniq_prince_ribbit1
D:6:      layout_loops_cross, minmay_temple_entry_offerings, uniq_menkaure

Skill      XL: |  1  2  3  4  5  6  7  8 |
---------------+-------------------------+-----
Spellcasting   | 3 4 5 6 7 |  7.1
Necromancy     | 5 6 7 8 |  8.0
Dodging        | |  1.5
Stealth        | |  2.4

Action                     |  1- 3 |  4- 6 |  7- 9 || total
---------------------------+-------+-------+-------++-------
  Melee: Unarmed           |     3 |       |       ||     3
         Short sword       |     5 |    37 |   107 ||   149
         Bite              |     2 |    14 |    46 ||    62
         Punch             |       |       |     3 ||     3
   Cast: Necrotise         |    79 |   105 |    54 ||   238
    Use: Scroll            |       |     1 |     1 ||     2
 Armour: Robe              |    18 |    28 |    76 ||   122
  Dodge: Dodged            |    24 |    35 |    59 ||   118
